 Dungeon Crawl Stone Soup version 0.29-a0-813-g4a14ea37d6 (webtiles) character file.

Game seed: 2514661881812596818

172 buhh the Digger (level 5, -3/27 (28) HPs)
             Began as a Deep Elf Earth Elementalist on July 5, 2022.
             Slain by a necrophage (6 damage)
             ... on level 4 of the Dungeon.
             The game lasted 00:03:27 (2450 turns).

buhh the Digger (Deep Elf Earth Elementalist)       Turns: 2450, Time: 00:03:27

HP:   -3/27 (28)    AC:  4    Str:  5    XL:     5   Next: 27%
MP:   3/11          EV: 13    Int: 20    God:
Gold: 76            SH:  0    Dex: 17    Spells: 6/10 levels left

rFire   . . .      SeeInvis .   (no weapon)
rCold   . . .      Faith    .   (no shield)
rNeg    . . .      Spirit   .   a - +0 robe
rPois   .          Reflect  .   (no helmet)
rElec   .          Harm     .   (no cloak)
rCorr   .          Rampage  .   (no gloves)
Will    .....                   (no boots)
Stlth   ++........              (no amulet)
HPRegen 0.09/turn               (no ring)
MPRegen 0.12/turn               (no ring)

@: lightly drained
A: iridescent scales 1, mutation resistance 1, MP-powered wands
a: no special abilities


You were on level 4 of the Dungeon.
You visited 1 branch of the dungeon, and saw 4 of its levels.

You collected 76 gold pieces.

Inventory:

Missiles
 b - 2 poisoned darts
Armour
 a - a +0 robe (worn)
Scrolls
 c - 3 scrolls of teleportation {unknown}
 d - 2 scrolls of silence {unknown}
 e - a scroll of torment {unknown}
 g - a scroll of fear {unknown}
 j - a scroll of identify {unknown}
 l - a scroll of noise {unknown}
Potions
 i - a potion of might {unknown}
 k - a potion of attraction {unknown}
 J - a potion of magic {!q!d}


   Skills:
 - Level 2.4 Dodging
 - Level 2.4 Stealth
 - Level 3.0 Spellcasting
 * Level 3.7 Conjurations
 - Level 1.1 Transmutations
 * Level 5.2 Earth Magic


You had 6 spell levels left.
You knew the following spells:

 Your Spells              Type           Power      Damage    Failure   Level
a - Sandblast             Erth           46%        2d11      1%          1
b - Stone Arrow           Conj/Erth      42%        3d9       7%          3

Your spell library contained the following spells:

 Spells                   Type           Power      Damage    Failure   Level
 Passwall                 Tmut/Erth      12%        N/A       6%          2
 Petrify                  Tmut/Erth      15%        N/A       36%         4


Dungeon Overview and Level Annotations

Branches:
Dungeon (4/15) Zot: 21472
 Temple: D:4-7

Altars:
Hepliaklqana
Sif Muna
The Shining One

Annotations:
D:4 Blork the orc


Innate Abilities, Weirdness & Mutations

You are partially covered in iridescent scales. (AC +2)
You are somewhat resistant to further mutation.
You expend magic power (3 MP) to strengthen your wands.


Message History

A necrophage comes into view.
The blast of sand hits the hound.
The hound is lightly wounded.
The hound barks!
The blast of sand hits the hound.
The hound is moderately wounded.
The hound closely misses you. The hound bites you. The hound barely misses you.
The blast of sand hits the hound!
The hound is almost dead.
The hound bites you. The hound misses you. x2
The blast of sand hits the hound!
You kill the hound!
The necrophage closely misses you. The necrophage hits you.
You feel drained.
Your life force feels restored.
The blast of sand hits the necrophage!
The necrophage is moderately damaged.
The necrophage misses you. The necrophage hits you.
The blast of sand hits the necrophage.
The necrophage is moderately damaged.
The necrophage barely misses you. x2
The spell is quite dangerous to miscast (7% risk of failure)!
Continue anyway?
Okay, then.
A necrophage is nearby!
The spell is quite dangerous to miscast (7% risk of failure)!
Continue anyway?
The stone arrow hits the necrophage!
The necrophage is severely damaged.
The necrophage hits you!
* * * LOW HITPOINT WARNING * * *
Okay, then.
It was a potion of mutation.
You feel extremely strange.
Iridescent scales grow over part of your body.
You feel your magical essence link to the dungeon's wands.
You feel genetically stable. The necrophage hits you.
* * * LOW HITPOINT WARNING * * *
You feel drained.
* * * LOW HITPOINT WARNING * * *
It was a potion of cancellation.
You feel magically purged. The necrophage hits you.
You die...

.............# #.##....#
§............####.##.##)#
.....##...........##.##)#
_.... ##..........#####[#
.....#####........# #.#
≈.......##........### #.#
....................###.#
.........####...........
.......@$# #..........#
......n†....#....#######
.........._.#....#
............#....# .
.........#..#....# ..
##...########....# ..o
#... .... #... .....


You could see a necrophage.

Vanquished Creatures
  A hound (D:4)
  2 orc wizards
  3 adders
  A worm (D:3)
  8 orcs
  5 ball pythons
  4 endoplasms
  2 giant cockroaches
  9 goblins
  3 hobgoblins
  3 jackals (D:1)
  4 quokkas (D:2)
  A bat (D:1)
  A frilled lizard (D:2)
  4 rats
51 creatures vanquished.

Notes
Turn   | Place    | Note
-------+----------+-------------------------------------------
     0 | D:1      | buhh the Deep Elf Earth Elementalist began the quest for
                  | the Orb.
     0 | D:1      | Reached XP level 1. HP: 10/10 MP: 6/6
    14 | D:1      | Found a faded altar of an unknown god.
   237 | D:1      | Reached XP level 2. HP: 15/15 MP: 5/8
   933 | D:2      | Reached skill level 4 in Earth Magic
   983 | D:2      | Reached XP level 3. HP: 19/19 MP: 7/9
  1666 | D:3      | Learned a level 3 spell: Stone Arrow
  1689 | D:3      | Reached XP level 4. HP: 24/24 MP: 3/10
  1857 | D:3      | You fall into a shaft and drop 1 floor!
  1863 | D:4      | Noticed Blork the orc
  2027 | D:4      | Found a shimmering blue altar of Sif Muna.
  2198 | D:3      | Reached skill level 5 in Earth Magic
  2198 | D:3      | Reached XP level 5. HP: 28/28 MP: 9/11
  2236 | D:3      | Found a hazy altar of Hepliaklqana.
  2440 | D:4      | Found a glowing golden altar of the Shining One.
  2449 | D:4      | Gained mutation: You are partially covered in iridescent
                  | scales. (AC +2) [potion of mutation]
  2449 | D:4      | Gained mutation: You expend magic power (3 MP) to
                  | strengthen your wands. [potion of mutation]
  2449 | D:4      | Gained mutation: You are somewhat resistant to further
                  | mutation. [potion of mutation]
  2450 | D:4      | Slain by a necrophage

Illustrated notes

Levels and vault maps discovered:
D:1:      erik_arrival_triangle_medium, layout_loops_ring,
          hellmonk_ecumenical_altar_run_dry, dk_noncrumbling_2, minmay_tripent
D:2:      layout_rooms
D:3:      layout_loops_ring, nicolae_hepliaklqana_hippocampus
D:4:      layout_basic, mainiacjoe_overflow_alcove_1, doesnt_xom_only_xom,
          mainiacjoe_overflow_tiny_flanked, uniq_blork_the_orc

Skill      XL: |  1  2  3  4 |
---------------+-------------+-----
Conjurations   | 1 2 3 |  3.7
Earth Magic    | 4 5 |  5.2
Dodging        | |  2.4
Stealth        | |  2.4
Spellcasting   | |  3.0
Transmutations | |  1.1

Action                   |  1- 3 |  4- 6 || total
-------------------------+-------+-------++-------
Melee: Unarmed           |     2 |       ||     2
 Cast: Sandblast         |    48 |    26 ||    74
       Stone Arrow       |     1 |     1 ||     2
  Use: Potion            |       |     2 ||     2
Armor: Robe              |       |     4 ||     4
Dodge: Dodged            |    13 |    13 ||    26

Table legend: (Time is in decaauts)
 A = Elapsed time spent in this place.
 B = Non-inter-level travel time spent in this place.
 C = Inter-level travel time spent in this place.
 D = Time resting spent in this place.
 E = Time spent auto-exploring this place.
 F = Levels seen in this place.
 G = Mean time per level.
                   A        B        C        D        E       F      G
               +--------+--------+--------+--------+--------+-----+--------+
         Total |   2526 |   2392 |    134 |      0 |   2089 |   4 |  631.5 |
       Dungeon |   2526 |   2392 |    134 |      0 |   2089 |   4 |  631.5 |
               +--------+--------+--------+--------+--------+-----+--------+

Top non-repeatable levels by time:
     D:1: 848 daAuts
     D:3: 846 daAuts
     D:2: 545 daAuts
     D:4: 286 daAuts
